 Dungeon Crawl Stone Soup version 0.30-a0-760-g5a9884bb7c (webtiles) character file.

Game seed: 18411061367395379238

11141 boo the Fencer (level 11, 0/95 (102) HPs)
             Began as a Minotaur Fighter on Feb 11, 2023.
             Was a Priest of Okawaru.
             Succumbed to Nergalle's poison
             ... on level 1 of the Lair of Beasts.
             The game lasted 00:21:22 (16534 turns).

boo the Fencer (Minotaur Fighter)                  Turns: 16534, Time: 00:21:23

HP:   0/95 (102)    AC: 18    Str: 25    XL:     11   Next: 45%
MP:   10/10         EV:  7    Int:  5    God:    Okawaru [***...]
Gold: 696           SH:  5    Dex: 10    Spells: 10/10 levels left

rFire   + . .      SeeInvis .    O - +1 long sword (holy)
rCold   + . .      Faith    +    c - +0 buckler
rNeg    . . .      Spirit   .    R - +0 plate armour
rPois   .          Reflect  .    (helmet restricted)
rElec   .          Harm     .    s - scarf {rC+ rF+}
rCorr   .          Rampage  .    L - +0 pair of gloves
Will    +....                    l - +0 pair of boots Stlth
                                 C - amulet of faith
HPRegen 0.35/turn                I - ring of willpower
MPRegen 0.12/turn                (no ring)

@: lethally poisoned (0 -> -26), drained
A: horns 2, retaliatory headbutt
a: Renounce Religion, Heroism


You were on level 1 of the Lair of Beasts.
You worshipped Okawaru.
Okawaru was most pleased with you.
You visited 3 branches of the dungeon, and saw 13 of its levels.
You also visited: Ossuary.

You collected 746 gold pieces.
You spent 50 gold pieces at shops.

Inventory:

Hand Weapons
 a - a +0 long sword
 O - a +1 long sword of holy wrath (weapon)
Missiles
 k - 3 throwing nets (quivered)
 P - 2 silver javelins
Armour
 c - a +0 buckler (worn)
 l - a +0 pair of boots (worn)
 s - a scarf of resistance (worn)
 L - a +0 pair of gloves (worn)
 R - a +0 plate armour (worn)
Jewellery
 A - an amulet of magic regeneration
 C - an amulet of faith (around neck)
 E - a ring of wizardry
 I - a ring of willpower (left hand)
 J - a ring of flight
Wands
 j - a wand of flame (38)
 u - a wand of polymorph (6)
 w - a wand of paralysis (17)
 x - a wand of quicksilver (22)
 M - a wand of iceblast (4)
Scrolls
 b - a scroll of teleportation
 f - 5 scrolls of enchant armour
 h - 2 scrolls of enchant weapon
 i - 4 scrolls of fog
 m - 5 scrolls of blinking
 q - a scroll of silence
 y - a scroll of summoning {unknown}
 K - a scroll of vulnerability {unknown}
 N - a scroll of amnesia {unknown}
 Q - 2 scrolls of poison {unknown}
Potions
 d - 6 potions of might
 e - a potion of resistance {unknown}
 g - 4 potions of degeneration
 n - 3 potions of mutation
 p - a potion of brilliance
 r - 6 potions of lignification
 t - 7 potions of curing
 v - 4 potions of ambrosia
 z - 3 potions of flight
 B - 3 potions of berserk rage {unknown}
 D - 5 potions of haste
 F - 2 potions of heal wounds
 G - a potion of attraction {unknown}
 H - a potion of magic {unknown}


   Skills:
 + Level 11.4 Fighting
 * Level 15.2 Long Blades
 + Level 11.3 Armour
 - Level 5.0 Shields


You had 10 spell levels left.
You didn't know any spells.
Your spell library contained the following spells:

 Spells                   Type           Power      Damage    Failure   Level
 Slow                     Hex            0%         N/A       100%        1
 Sublimation of Blood     Necr           0%         N/A       100%        2
 Wereblood                Tmut           0%         N/A       100%        2
 Confusing Touch          Hex            0%         N/A       100%        3
 Gell's Gravitas          Tloc           0%         N/A       100%        3
 Kindle Blastsparks       Fire/Tloc/Air  0%         2d10      100%        3
 Ozocubu's Armour         Ice            0%         N/A       100%        3
 Portal Projectile        Hex/Tloc       0%         N/A       100%        3
 Teleport Other           Tloc           0%         N/A       100%        3
 Vampiric Draining        Necr           0%         2d6       100%        3
 Fulminant Prism          Conj/Hex       0%         3d5       100%        4
 Iskenderun's Mystic Bla  Conj/Tloc      0%         2d3       100%        4
 Petrify                  Tmut/Erth      0%         N/A       100%        4
 Blade Hands              Tmut           0%         N/A       100%        5
 Lee's Rapid Deconstruct  Erth           0%         3d4*      100%        5
 Metabolic Englaciation   Hex/Ice        0%         N/A       100%        5
 Dispersal                Tloc           0%         N/A       100%        6
 Statue Form              Tmut/Erth      0%         N/A       100%        6
 Tukima's Dance           Hex            Unusable   N/A       N/A         3
 Simulacrum               Ice/Necr       Unusable   N/A       N/A         6
 Summon Hydra             Summ           Unusable   N/A       N/A         7

Dungeon Overview and Level Annotations

Branches:
Dungeon (11/15)            Temple (1/1) D:4            Lair (1/5) D:11
    Orc (0/2) D:11        Ossuary (visited)

Altars:
Ashenzari
Cheibriados
Dithmenos
Elyvilon
Fedhas
Gozag
Hepliaklqana
Kikubaaqudgha
Makhleb
Okawaru
Qazlal
Ru
Sif Muna
Trog
Uskayaw
Vehumet
Wu Jian
Xom
Yredelemnul
Zin
The Shining One

Shops:
D:5 (   D:9 !:(=(?   D:10 =

Portals:
Trove: D:10 (give 4 scrolls of fear)

Annotations:
D:4 exclusion: downstairs
D:6 2 transporters, SpyderV's ghost, novice MiFi
D:8 exclusion: downstairs
D:10 exclusion: downstairs
Lair:1 Nergalle


Innate Abilities, Weirdness & Mutations

You have a pair of horns on your head.
You reflexively headbutt those who attack you in melee.


Message History

You feel very sick. Nergalle casts a spell at you.
The bolt of negative energy hits you!
You feel drained.
The spectral orc knight hits you with a +0 battleaxe.
You feel drained. The spectral orc barely misses you.
You closely miss Nergalle. Your headbutt misses Nergalle.
Nergalle is heavily wounded.
You feel very sick.
Nergalle gestures at you while chanting.
Orcish apparitions take form around you.
You block the spectral orc knight's attack.
You hit Nergalle but do no damage. Your headbutt misses Nergalle.
Nergalle is heavily wounded.
You feel very sick.
The spectral orc hits you but does no damage.
You closely miss Nergalle.
You headbutt Nergalle, but do no damage.
Nergalle is heavily wounded.
You feel sick. Nergalle hits you but does no damage.
You are more poisoned.
The spectral orc warrior hits you with a +0 battleaxe!
The spectral orc knight hits you with a +0 battleaxe!
* * * LOW HITPOINT WARNING * * *
You feel drained.
* * * LOW HITPOINT WARNING * * *
You block the spectral orc's attack.
You barely miss Nergalle. Your headbutt misses Nergalle.
Nergalle is heavily wounded.
* * * LOW HITPOINT WARNING * * *
You feel very sick. Nergalle hits you but does no damage.
You are more poisoned.
You block the spectral orc warrior's attack.
The spectral orc knight hits you but does no damage.
The spectral orc knight hits you with a +0 battleaxe!
* * * LOW HITPOINT WARNING * * *
You block the spectral orc's attack.
You closely miss Nergalle.
Nergalle is heavily wounded.
You die...

#####
#P#P#+#####
##.......PP#
#..Z.....P.!
#.Z@o...#
#..ZZ...#
#.......#
#P.......#
##........#
#.......##
##.##+### #.


You could see Nergalle, a spectral orc (summoned), a spectral orc warrior
(summoned) and 2 spectral orc knights.

Vanquished Creatures
  2 two-headed ogres
  An ugly thing (D:11)
  2 gargoyles
  A rime drake (D:11)
  A polar bear (D:11)
  2 shadows (D:10)
  4 wyverns
  A steam dragon (D:9)
  15 yaks
  3 water moccasins
  9 orc warriors
  10 ice beasts
  2 sky beasts
  An ogre (D:6)
  A wolf (D:11)
  5 centaurs
  A phantom (D:6)
  2 kobold brigands (D:9)
  2 bullfrogs
  3 gnoll sergeants
  2 necrophages
  5 scorpions
  3 killer bees (D:5)
  2 electric eels (D:10)
  2 howler monkeys (D:8)
  2 centaur zombies (Ossuary)
  8 orc priests
  8 hounds
  Natasha (thrice) (D:3)
  4 iguanas
  11 orc wizards
  2 mummies (Ossuary)
  13 gnolls
  9 adders
  4 shadow imps
  An ufetubus (D:5)
  A worm (D:5)
  4 dart slugs
  65 orcs
  3 endoplasms
  2 giant cockroaches
  7 goblins
  4 hobgoblins
  5 ball pythons
  A bat (D:1)
  2 goblin zombies (Ossuary)
  18 hobgoblin zombies (Ossuary)
  2 jackal zombies (Ossuary)
  15 kobolds
  6 kobold zombies (Ossuary)
  6 orc zombies (Ossuary)
  4 rats
  A rat zombie (Ossuary)
293 creatures vanquished.

Notes
Turn   | Place    | Note
-------+----------+-------------------------------------------
     0 | D:1      | boo the Minotaur Fighter began the quest for the Orb.
     0 | D:1      | Reached XP level 1. HP: 19/19 MP: 0/0
   772 | D:2      | Reached skill level 3 in Long Blades
   772 | D:2      | Reached XP level 2. HP: 27/27 MP: 1/1
  1122 | D:2      | Reached XP level 3. HP: 31/33 MP: 2/2
  2135 | D:3      | Reached XP level 4. HP: 28/37 MP: 3/3
  2143 | D:3      | Reached skill level 4 in Long Blades
  2265 | D:3      | Reached XP level 5. HP: 40/47 MP: 4/4
  2587 | D:3      | Noticed Natasha
  2598 | D:3      | Killed Natasha
  2796 | D:3      | Noticed Natasha
  2803 | D:3      | Killed Natasha
  3026 | D:3      | Found a hide-covered altar of Uskayaw.
  3200 | D:3      | Reached skill level 5 in Long Blades
  3365 | D:3      | Noticed Natasha
  3374 | D:3      | Killed Natasha
  3403 | D:4      | Reached skill level 5 in Shields
  3403 | D:4      | Reached XP level 6. HP: 24/55 MP: 5/5
  3446 | D:4      | Reached skill level 5 in Fighting
  3446 | D:4      | Reached skill level 5 in Armour
  3718 | D:4      | Found an ancient bone altar of Kikubaaqudgha.
  3721 | D:4      | Found a blossoming altar of Fedhas.
  3806 | D:4      | Found a staircase to the Ecumenical Temple.
  3825 | Temple   | Entered the Ecumenical Temple
  3852 | Temple   | Became a worshipper of Warmaster Okawaru
  4665 | D:5      | Entered Level 5 of the Dungeon
  4665 | D:5      | Noticed a water moccasin
  4666 | D:5      | Noticed an ice beast
  4683 | D:4      | Killed a water moccasin
  4684 | D:4      | Reached skill level 6 in Long Blades
  4917 | D:5      | Noticed a sky beast
  4931 | D:5      | Killed a sky beast
  4932 | D:5      | Reached XP level 7. HP: 61/61 MP: 6/6
  4967 | D:5      | Found Iwoxit's Weapon Shoppe.
  4981 | D:5      | Reached * piety under Okawaru
  4993 | D:5      | Reached skill level 7 in Long Blades
  5418 | D:5      | Reached XP level 8. HP: 69/71 MP: 7/7
  5502 | D:5      | Reached skill level 8 in Long Blades
  6314 | D:6      | Reached ** piety under Okawaru
  6321 | D:6      | Reached skill level 9 in Long Blades
  6820 | D:6      | Found a glowing golden altar of the Shining One.
  6820 | D:6      | Found a white marble altar of Elyvilon.
  6821 | D:6      | Found a glowing silver altar of Zin.
  6843 | D:6      | Found a transporter.
  6868 | D:6      | Reached skill level 10 in Long Blades
  6868 | D:6      | Reached XP level 9. HP: 75/80 MP: 8/8
  6906 | D:6      | Reached *** piety under Okawaru
  7285 | D:6      | Noticed SpyderV's ghost (novice MiFi)
  7362 | D:6      | Found a transporter.
  7464 | D:6      | Found a shimmering blue altar of Sif Muna.
  7541 | D:7      | Found a shimmering altar of Xom.
  7583 | D:7      | Found a radiant altar of Vehumet.
  7587 | D:7      | Found a sand-covered staircase.
  7592 | Ossuary  | Entered an ossuary
  8783 | D:8      | Reached skill level 11 in Long Blades
  8805 | D:8      | HP: 3/81 [something (2)]
  9512 | D:9      | Found Fafood's Magic Scroll Boutique.
  9903 | D:8      | Reached **** piety under Okawaru
  9904 | D:8      | Reached skill level 12 in Long Blades
 10236 | D:9      | Found Meuwny Dovedgh's Weapon Shop.
 10276 | D:9      | Reached XP level 10. HP: 45/91 MP: 9/9
 10393 | D:9      | Found Curitose's Weapon Boutique.
 10563 | D:9      | Noticed a two-headed ogre
 10574 | D:9      | Killed a two-headed ogre
 10575 | D:9      | Found Ocaehy's Book Shoppe.
 10903 | D:9      | Found Bohusol's Distillery.
 10920 | D:9      | Found Tavigred's Jewellery Shoppe.
 11022 | D:9      | Reached skill level 13 in Long Blades
 11353 | D:9      | Bought a potion of heal wounds for 50 gold pieces
 11413 | D:9      | Reached skill level 10 in Fighting
 11817 | D:9      | Reached skill level 10 in Armour
 12359 | D:10     | Entered Level 10 of the Dungeon
 12359 | D:10     | Noticed a gargoyle
 12370 | D:10     | Killed a gargoyle
 12657 | D:10     | Found Gadoexoq's Jewellery Shop.
 13275 | D:10     | Found a portal to a secret trove of treasure.
 13471 | D:10     | Found a stormy altar of Qazlal.
 13509 | D:10     | Received a gift from Okawaru
 13598 | D:10     | Identified the +2 leather armour of the Soft God {rC+ Will+
                  | Int+2}
 13830 | D:10     | Reached skill level 14 in Long Blades
 14495 | D:11     | Noticed a gargoyle
 14502 | D:11     | Reached XP level 11. HP: 54/101 MP: 8/10
 14917 | D:11     | Found a staircase to the Lair.
 15420 | D:11     | Found a staircase to the Orcish Mines.
 15637 | D:11     | Noticed a two-headed ogre
 15652 | D:11     | Killed a two-headed ogre
 15653 | D:11     | Reached skill level 15 in Long Blades
 16067 | D:11     | Noticed a red ugly thing
 16085 | D:11     | Killed a red ugly thing
 16512 | Lair:1   | Entered Level 1 of the Lair of Beasts
 16512 | Lair:1   | Noticed Nergalle
 16533 | Lair:1   | HP: 4/95 [spectral orc knight/+0 battleaxe[Nergalle] (12)]
 16534 | Lair:1   | Succumbed to Nergalle's poison

Illustrated notes

Levels and vault maps discovered:
D:1:      enne_arrival_octagon_isle, layout_basic, kennysheep_decorative_pillar,
          nicolae_concentric_dashed_squares_mild, minmay_hedge_maze
D:2:      layout_loops_cross
D:3:      layout_basic, amcnicky_altar_gilded, minivault_27, dk_vineyard_3,
          uniq_natasha
D:4:      layout_layer_cave, grunt_temple_overflow_growth_and_decay,
          minmay_temple_entry_gardened_gates
D:5:      layout_basic, serial_shops, nicolae_shop_waterfront,
          kennysheep_crisscross, minmay_fractal_squares_5
D:6:      layout_loops_ring, good_gods_temple_1, tgw_sif, gammafunk_ghost_hive,
          serial_bayou_crossing
D:7:      layout_cave_pools, mainiacjoe_overflow_catch_the_wave,
          enter_ossuary_2, nicolae_figureground_pulse
D:8:      layout_basic
D:9:      layout_rooms, serial_shops, shop_coins, nicolae_shop_behind_doors,
          nicolae_shop_bloodbath_and_beyond, shop, shop, nicolae_stop_n_shop_2
D:10:     nicolae_whirlpool, layout_irregular_city, grunt_qazlal_sundering,
          nicolae_trove_entry_crystal, nicolae_two_hexagons,
          kennysheep_big_empty_room, dreamdust_princess_corridor,
          minmay_shop_enchanted_jewellery
D:11:     layout_layer_cave, hellmonk_lair_entry_icy, hiddenorc1_lemuel
Temple:   minmay_temple_bridge_abc
Lair:1:   layout_roguey, hangedman_lair_generics_rect, grunt_megastairs_1,
          uniq_nergalle

Skill      XL: |  1  2  3  4  5  6  7  8  9 10 11 |
---------------+----------------------------------+-----
Long Blades    | 3 4 5 6 7 10 12 14 15 | 15.2
Fighting       | 4 5 6 7 9 10 11 | 11.4
Armour         | 4 5 6 7 9 10 11 | 11.3
Shields        | 4 5 |  5.0

Action                     |  1- 3 |  4- 6 |  7- 9 | 10-12 || total
---------------------------+-------+-------+-------+-------++-------
  Melee: Long sword        |    74 |   123 |   474 |   446 ||  1117
         Headbutt          |     7 |    14 |    91 |   106 ||   218
 Invoke: Heroism           |       |       |     4 |    22 ||    26
    Use: Potion            |     4 |       |       |       ||     4
         Scroll            |     3 |     4 |     6 |     2 ||    15
 Armour: Scale mail        |    31 |    41 |   217 |    83 ||   372
         Plate armour      |       |       |       |   118 ||   118
  Dodge: Dodged            |    48 |    63 |   208 |   137 ||   456
  Block: Buckler           |    16 |    22 |   122 |    93 ||   253

Table legend: (Time is in decaauts)
 A = Elapsed time spent in this place.
 B = Non-inter-level travel time spent in this place.
 C = Inter-level travel time spent in this place.
 D = Time resting spent in this place.
 E = Time spent auto-exploring this place.
 F = Levels seen in this place.
 G = Mean time per level.
                   A        B        C        D        E       F      G
               +--------+--------+--------+--------+--------+-----+--------+
         Total |  16455 |  15846 |    609 |   6203 |   7214 |  14 | 1175.4 |
       Dungeon |  16047 |  15460 |    587 |   6098 |   7099 |  11 | 1458.8 |
        Temple |     48 |     27 |     21 |      0 |     17 |   1 |   48.0 |
          Lair |     16 |     16 |      0 |      0 |      0 |   1 |   16.0 |
       Ossuary |    343 |    343 |      0 |    105 |     98 |   1 |  343.0 |
               +--------+--------+--------+--------+--------+-----+--------+

Top non-repeatable levels by time:
     D:8: 2254 daAuts
    D:10: 2220 daAuts
    D:11: 1869 daAuts
     D:4: 1476 daAuts
     D:5: 1422 daAuts
     D:2: 1362 daAuts
     D:9: 1350 daAuts
     D:3: 1306 daAuts
     D:6: 1289 daAuts
     D:1: 750 daAuts
     D:7: 745 daAuts
 Ossuary: 343 daAuts
  Temple: 48 daAuts
  Lair:1: 16 daAuts
